 Dungeon Crawl Stone Soup version 0.29-a0-813-g4a14ea37d6 (webtiles) character file.

Game seed: 1758874221277499266

101 valliere the Sneak (level 4, 0/21 HPs)
             Began as a Spriggan Enchanter on July 4, 2022.
             Slain by a hobgoblin (5 damage)
             ... led by Robin
             ... on level 3 of the Dungeon.
             The game lasted 00:12:52 (3409 turns).

valliere the Sneak (Spriggan Enchanter)             Turns: 3409, Time: 00:12:53

Health: 0/21       AC:  2    Str:  4    XL:     4   Next: 48%
Magic:  10/10      EV: 15    Int: 16    God:
Gold:   179        SH:  0    Dex: 17    Spells: 8/10 levels left

rFire   . . .      SeeInvis +   p - +2 dagger (holy)
rCold   . . .      Faith    .   (no shield)
rNeg    . . .      Spirit   .   b - +0 robe
rPois   .          Reflect  .   (helmet restricted)
rElec   .          Harm     .   (no cloak)
rCorr   .          Rampage  .   (gloves unavailable)
Will    .....                   (boots unavailable)
Stlth   +++.......              (no amulet)
HPRegen 0.07/turn               (no ring)
MPRegen 0.12/turn               (no ring)

@: grasped by roots, constricted, very quick
A: very small, no large weapons, unfitting armour, see invisible, speed 3
a: no special abilities


You were on level 3 of the Dungeon.
You visited 1 branch of the dungeon, and saw 3 of its levels.

You collected 179 gold pieces.

Inventory:

Hand Weapons
 a - a +1 dagger
 p - a +2 dagger of holy wrath (weapon)
Missiles
 o - 17 poisoned darts (quivered)
Armour
 b - a +0 robe (worn)
Scrolls
 f - a scroll of noise
 g - a scroll of vulnerability {unknown}
 h - 4 scrolls of identify
 j - 4 scrolls of immolation {unknown}
Potions
 c - 3 potions of invisibility
 d - a potion of degeneration
 e - 4 potions of curing
 i - 2 potions of attraction {unknown}
 k - a potion of flight {unknown}
 l - 3 potions of haste {unknown}
 m - 4 potions of berserk rage {unknown}
 n - a potion of cancellation {unknown}


   Skills:
 + Level 1.1 Short Blades
 + Level 0.1 Throwing
 + Level 3.6 Dodging
 * Level 6.2 Stealth
 + Level 3.5 Spellcasting
 + Level 4.2 Hexes


You had 8 spell levels left.
You knew the following spells:

 Your Spells              Type           Power      Damage    Failure   Level
a - Ensorcelled Hibernat  Hex/Ice        18%        N/A       11%         2

Your spell library contained the following spells:

 Spells                   Type           Power      Damage    Failure   Level
 Confusing Touch          Hex            16%        N/A       10%         3
 Tukima's Dance           Hex            16%        N/A       10%         3
 Dazzling Flash           Conj/Hex       18%        N/A       22%         3
 Alistair's Intoxication  Tmut/Pois      1%         N/A       99%         5
 Borgnjor's Vile Clutch   Necr/Erth      1%         N/A       99%         5
 Eringya's Noxious Bog    Tmut/Pois      1%         N/A       100%        6


Dungeon Overview and Level Annotations

Branches:
Dungeon (3/15)

Altars:

Annotations:
D:3 Robin


Innate Abilities, Weirdness & Mutations

You are very small and have problems with some larger weapons.
You are too small for most types of armour.
You have supernaturally acute eyesight. (SInv)
You cover ground extremely quickly. (Speed+++)


Message History

The hobgoblin is severely wounded.
The hobgoblin hits you.
* * * LOW HITPOINT WARNING * * *
You see here a hobgoblin corpse.
You see here a jackal corpse.
You start resting.
Magic restored.
You start resting.
HP restored.
The goblin unwields a +0 club.
The goblin wields a +0 sling.
The goblin shoots a sling bullet.
The sling bullet barely misses you.
You hit the goblin.
The goblin is heavily wounded.
The goblin unwields a +0 sling.
The goblin wields a +0 club.
The goblin hits you with a +0 club.
You hit the goblin.
You kill the goblin!
Things that are here:
a +0 club; a +0 sling You catch the helpless Robin completely off-guard!
You puncture Robin!
Robin is almost dead.
The hobgoblin hits you.
Robin says, "Duck!"
Robin zaps a wand.
The roots erupt in riotous growth!
The grasping roots grab you!
Robin is unaffected.
The hobgoblin is unaffected.
The grasping roots constrict you.
The hobgoblin shouts! x2; The goblin shouts!
You closely miss Robin.
Robin is almost dead.
The hobgoblin closely misses you.
Robin says, "My goblins will feast on your bones."
Robin closely misses you. The grasping roots constrict you.
You completely miss Robin.
Robin is almost dead.
The hobgoblin hits you.
* * * LOW HITPOINT WARNING * * *
The hobgoblin hits you.
You die...

#
#......#..#######....##..###.#
#
#...[..#÷.##........###......#
## #.###.##.###....#...#
##.....# .###.# .##.#
#....#...# ###...# .....#
.##.# #g..##.g## ####.# >#####
#.###.####g.# ####....#
.#######
#..........####.......#
........
#....ggg..###.........#
........
#.....@g####..........#
.####### #....####
#..####.###.# .# #)####
##..##.††# #.# .#
#.....#...### #...#....# #.#
)# #.##..#.....## #...#....#
#.# .#
#.##.##..÷...###........# .#
.# #.##.##.###..##....######
.# #.##.##.###...#....#
.####.##.##..##...#....####.


You could see Robin, 3 hobgoblins and 3 goblins.

Vanquished Creatures
  4 adders
  A worm (D:2)
  A dart slug (D:3)
  4 endoplasms
  4 giant cockroaches
  10 goblins
  6 hobgoblins
  4 jackals (D:3)
  A quokka (D:2)
  4 ball pythons
  3 bats
  5 frilled lizards
  8 kobolds
  4 rats
59 creatures vanquished.

Vanquished Creatures (others)
  6 plants
  4 toadstools (D:1)
10 creatures vanquished.

Grand Total: 69 creatures vanquished

Notes
Turn   | Place    | Note
-------+----------+-------------------------------------------
     0 | D:1      | valliere the Spriggan Enchanter began the quest for the
                  | Orb.
     0 | D:1      | Reached XP level 1. HP: 9/9 MP: 5/5
   318 | D:1      | Found a faded altar of an unknown god.
   566 | D:1      | Reached XP level 2. HP: 12/13 MP: 6/6
   569 | D:1      | Learned a level 2 spell: Ensorcelled Hibernation
   826 | D:2      | Reached skill level 5 in Stealth
   942 | D:2      | Reached XP level 3. HP: 16/16 MP: 8/8
  1940 | D:3      | Identified the +1 leather armour of Fedhas's Supremacy
                  | {Int+2}
  1942 | D:3      | Noticed Robin
  2679 | D:3      | Reached XP level 4. HP: 19/21 MP: 10/10
  2975 | D:3      | Reached skill level 6 in Stealth
  3409 | D:3      | Slain by a hobgoblin

Illustrated notes

Levels and vault maps discovered:
D:1:      ldierk_walled_garden_2, layout_loops_ring,
          ebering_ecumenical_altar_hall, minmay_tetromino_s4
D:2:      layout_basic, serial_rivers, chequers_serial_rivers_large_b,
          chequers_serial_rivers_small_a, chequers_serial_rivers_large_a,
          chequers_serial_rivers_micro_c, chequers_serial_rivers_micro_b,
          chequers_serial_rivers_small_a, minivault_27, guppyfry_early_lair_pool
D:3:      minmay_recursive_quarters, layout_loops_ring,
          nicolae_elevator_lobby_plus, uniq_robin

Skill      XL: |  1  2  3  4 |
---------------+-------------+-----
Dodging        | 3 |  3.6
Stealth        | 5 6 |  6.2
Spellcasting   | 3 |  3.5
Hexes          | 4 |  4.2
Short Blades   | |  1.1
Throwing       | |  0.1

Action                   |  1- 3 |  4- 6 || total
-------------------------+-------+-------++-------
Melee: Dagger            |    92 |    54 ||   146
       Punch             |     1 |       ||     1
Throw: Dart              |     2 |     2 ||     4
 Cast: Ensorcelled Hiber |    15 |     9 ||    24
  Use: Scroll            |     3 |       ||     3
 Stab: Sleeping          |    21 |    10 ||    31
       Distracted        |     1 |     1 ||     2
Armor: Robe              |     4 |     2 ||     6
Dodge: Dodged            |    53 |    36 ||    89

Table legend: (Time is in decaauts)
 A = Elapsed time spent in this place.
 B = Non-inter-level travel time spent in this place.
 C = Inter-level travel time spent in this place.
 D = Time resting spent in this place.
 E = Time spent auto-exploring this place.
 F = Levels seen in this place.
 G = Mean time per level.
                   A        B        C        D        E       F      G
               +--------+--------+--------+--------+--------+-----+--------+
         Total |   2667 |   2597 |     70 |    436 |   1527 |   3 |  889.0 |
       Dungeon |   2667 |   2597 |     70 |    436 |   1527 |   3 |  889.0 |
               +--------+--------+--------+--------+--------+-----+--------+

Top non-repeatable levels by time:
     D:3: 1318 daAuts
     D:2: 881 daAuts
     D:1: 468 daAuts
